 Dungeon Crawl Stone Soup version 0.26.1-11-gd32895ea62 (webtiles) character file.

Game seed: 11838178296803058514

490 Almogavar the Vexing (level 7, -7/50 HPs)
             Began as a Gnoll Wanderer on July 10, 2021.
             Killed by divine providence
             ... invoked by an orc priest
              (13 damage)
             ... on level 4 of the Dungeon.
             The game lasted 00:10:41 (4959 turns).

Almogavar the Vexing (Gnoll Wanderer)               Turns: 4959, Time: 00:10:42

Health: -7/50      AC:  0    Str: 20    XL:     7   Next: 14%
Magic:  12/12      EV: 20    Int: 13    God:
Gold:   220        SH:  0    Dex: 17    Spells: 13/13 levels left

rFire    . . .     SeeInvis .     - Unarmed
rCold    . . .     Faith    .   (shield currently unavailable)
rNeg     . . .     Spirit   .   (armour currently unavailable)
rPois    .         Reflect  .   (helmet currently unavailable)
rElec    .         Harm     .   (cloak currently unavailable)
rCorr    .         Rampage  .   (gloves currently unavailable)
Will     .....                  (boots currently unavailable)
Stlth    +++.......             (no amulet)
HPRegen  0.16/turn              (ring currently unavailable)
MPRegen  0.13/turn              (ring currently unavailable)

@: bat-form, flying, very quick
A: tiny, distributed training, strong nose
a: Stop Flying


You were on level 4 of the Dungeon.
You were in bat-form.
You visited 1 branch of the dungeon, and saw 4 of its levels.

You collected 220 gold pieces.

Inventory:

Hand Weapons
 a - a +2 dagger
 c - a +0 hand axe (melded)
 x - a +0 hunting sling
Missiles
 n - 35 arrows
 s - 5 curare-tipped darts
 t - 209 stones
 u - 21 poisoned darts (quivered)
 A - 11 sling bullets
 D - 6 boomerangs
 E - 2 silver boomerangs
Armour
 d - a +0 ring mail (melded)
 g - a +0 pair of boots (melded)
 h - a +1 pair of gloves of strength (melded)
 k - a +0 helmet (melded)
 p - a +0 chain mail
 z - a +2 kite shield (melded)
 F - a +0 scale mail
Jewellery
 y - a ring of positive energy (melded)
Wands
 G - a wand of acid (10)
Scrolls
 e - 3 scrolls of remove curse
 l - a scroll of random uselessness {unknown}
 q - 3 scrolls of identify {unknown}
 v - 2 scrolls of fear {unknown}
 w - 2 scrolls of teleportation
 H - a scroll of noise {unknown}
Potions
 b - a potion of heal wounds
 f - a potion of magic {unknown}
 i - a potion of cancellation {unknown}
 j - 3 potions of curing {unknown}
 m - 2 potions of degeneration {unknown}
 o - 2 potions of brilliance {unknown}
 r - a potion of ambrosia {unknown}
 B - a potion of might {unknown}
 C - 2 potions of haste {unknown}


   Skills:
 + Level 2.3 Fighting
 + Level 2.3 Short Blades
 + Level 2.3 Long Blades
 + Level 3.5 Axes
 + Level 2.3 Maces & Flails
 + Level 2.3 Polearms
 + Level 2.3 Staves
 + Level 2.3 Slings
 + Level 2.3 Bows
 + Level 2.3 Crossbows
 + Level 2.3 Throwing
 + Level 5.1 Armour
 + Level 2.3 Dodging
 + Level 3.3 Stealth
 + Level 3.5 Shields
 + Level 2.3 Unarmed Combat
 + Level 3.6 Spellcasting
 + Level 1.8 Conjurations
 + Level 5.8 Hexes
 + Level 1.8 Summonings
 + Level 1.8 Necromancy
 + Level 1.8 Translocations
 + Level 1.8 Transmutations
 + Level 1.8 Fire Magic
 + Level 1.8 Ice Magic
 + Level 2.8 Air Magic
 + Level 1.8 Earth Magic
 + Level 1.8 Poison Magic
 + Level 2.5 Invocations
 + Level 2.3 Evocations


You had 13 spell levels left.
You didn't know any spells.
Your spell library was empty.

Dungeon Overview and Level Annotations

Branches:
Dungeon (4/15)
 Temple: D:4-7

Altars:
Dithmenos
Gozag
Sif Muna


Innate Abilities, Weirdness & Mutations

Your experience applies equally to all skills.
((You have very sharp teeth.))
Your uncanny sense of smell can sniff out nearby items.


Message History

The orc wizard misses you. The orc misses you.
Unknown command.
You are too confused!
The hound skeleton misses you.
You bump into the closed door.
The orc priest hits you with a cursed +0 short sword.
* * * LOW HITPOINT WARNING * * *
The orc wizard misses you.
You bump into the rock wall.
You feel less confused. The orc priest barely misses you.
The orc wizard completely misses you.
The orc wizard gestures at itself while chanting.
The orc wizard flickers and vanishes!
Deactivating autopickup; reactivate with Ctrl-A.
You see here a stone.
Things that are here:
a +0 giant spiked club; an ogre corpse The orc priest invokes the aid of Beogh against you.
Beogh smites you!
You die...

#.....####_............
#.....#(.#8..#........# ..
#.....#(.#####...+...## ..
##.....#(...##....###.##
...........o..+........>..
#. #.......o.>#......##...
#.##.....(.Z..#......##.##
#........)....#......)).#.
#.......b....#..[..###.#.
#..).....#####.....# #.#.
##........#####.....# #.#.
#...#####.#........####.#.
#....####.# ..........)..
#.......#.# .....#####)#.
#)......#.######.#.....)##
#.......#.##.........#####
#####.......#.#.......<..#
#


You could see an orc priest, an orc and a hound skeleton.

Vanquished Creatures
  An ogre (D:4)
  The ghost of Ijustatesigmund the Skirmisher, an amateur OpFi (D:3)
  A scorpion (D:3)
  9 adders
  7 gnolls (D:4)
  An ooze (D:2)
  2 worms (D:2)
  7 dart slugs
  3 leopard geckos
  8 orcs
  3 ball pythons
  4 giant cockroaches
  10 hobgoblins
  7 kobolds
  3 quokkas
  9 bats
  6 frilled lizards
  14 goblins
  9 rats
105 creatures vanquished.

Notes
Turn   | Place    | Note
-------+----------+-------------------------------------------
     0 | D:1      | Almogavar the Gnoll Wanderer began the quest for the Orb.
     0 | D:1      | Almogavar set off with the following items: a +2 dagger, a
                  | potion of heal wounds, a +0 hand axe, a +0 ring mail
     0 | D:1      | Reached XP level 1. HP: 13/13 MP: 4/4
   243 | D:1      | Reached XP level 2. HP: 19/19 MP: 5/5
   762 | D:2      | Reached XP level 3. HP: 15/25 MP: 7/7
  1021 | D:2      | Reached skill level 1 in Invocations
  1104 | D:2      | Reached skill level 1 in Fighting
  1104 | D:2      | Reached skill level 1 in Short Blades
  1104 | D:2      | Reached skill level 1 in Long Blades
  1104 | D:2      | Reached skill level 1 in Maces & Flails
  1104 | D:2      | Reached skill level 1 in Polearms
  1104 | D:2      | Reached skill level 1 in Staves
  1104 | D:2      | Reached skill level 1 in Slings
  1104 | D:2      | Reached skill level 1 in Bows
  1104 | D:2      | Reached skill level 1 in Crossbows
  1104 | D:2      | Reached skill level 1 in Throwing
  1104 | D:2      | Reached skill level 1 in Dodging
  1104 | D:2      | Reached skill level 1 in Unarmed Combat
  1104 | D:2      | Reached skill level 1 in Evocations
  1217 | D:2      | Reached XP level 4. HP: 27/32 MP: 8/8
  1456 | D:2      | Reached skill level 1 in Conjurations
  1456 | D:2      | Reached skill level 1 in Summonings
  1456 | D:2      | Reached skill level 1 in Necromancy
  1456 | D:2      | Reached skill level 1 in Translocations
  1456 | D:2      | Reached skill level 1 in Transmutations
  1456 | D:2      | Reached skill level 1 in Fire Magic
  1456 | D:2      | Reached skill level 1 in Ice Magic
  1456 | D:2      | Reached skill level 1 in Earth Magic
  1456 | D:2      | Reached skill level 1 in Poison Magic
  1989 | D:2      | Found a shadowy altar of Dithmenos.
  2108 | D:2      | Reached XP level 5. HP: 23/37 MP: 9/9
  2587 | D:2      | Found a shimmering blue altar of Sif Muna.
  3295 | D:3      | Reached XP level 6. HP: 17/44 MP: 9/11
  3616 | D:3      | Found a runed translucent gate.
  3616 | D:3      | Found a runed translucent gate.
  3616 | D:3      | Found a runed translucent gate.
  4266 | D:3      | Noticed Ijustatesigmund's ghost (amateur OpFi)
  4281 | D:3      | Killed Ijustatesigmund's ghost
  4282 | D:3      | Reached skill level 5 in Armour
  4622 | D:4      | Found an opulent altar of Gozag.
  4937 | D:4      | Reached XP level 7. HP: 33/50 MP: 12/12
  4948 | D:4      | HP: 2/50 [hound skeleton (2)]
  4959 | D:4      | Killed from afar by an orc priest

Illustrated notes

Levels and vault maps discovered:
D:1:      lightli_arrival_statue_moat, layout_basic
D:2:      minmay_thinvault, layout_loops_corners, lemuel_crystal_altar,
          led_sif_pool
D:3:      minmay_skewed_foursquare, layout_basic, ebering_ghost_rock_garden,
          nicolae_underground_beach
D:4:      minmay_angry_zag, layout_basic, kennysheep_little_box,
          makhleb_grotto_becter, grunt_gozag_breadcrumbs

Skill      XL: |  1  2  3  4  5  6 |
---------------+-------------------+-----
Air Magic      | 2 |  2.8
Invocations    | 1 2 |  2.5
Fighting       | 1 2 |  2.3
Short Blades   | 1 2 |  2.3
Long Blades    | 1 2 |  2.3
Maces & Flails | 1 2 |  2.3
Polearms       | 1 2 |  2.3
Staves         | 1 2 |  2.3
Slings         | 1 2 |  2.3
Bows           | 1 2 |  2.3
Crossbows      | 1 2 |  2.3
Throwing       | 1 2 |  2.3
Dodging        | 1 2 |  2.3
Unarmed Combat | 1 2 |  2.3
Evocations     | 1 2 |  2.3
Spellcasting   | 3 |  3.6
Conjurations   | 1 |  1.8
Summonings     | 1 |  1.8
Necromancy     | 1 |  1.8
Translocations | 1 |  1.8
Transmutations | 1 |  1.8
Fire Magic     | 1 |  1.8
Ice Magic      | 1 |  1.8
Earth Magic    | 1 |  1.8
Poison Magic   | 1 |  1.8
Axes           | 3 |  3.5
Shields        | 3 |  3.5
Stealth        | 3 |  3.3
Armour         | 5 |  5.1
Hexes          | |  5.8

Action                   |  1- 3 |  4- 6 |  7- 9 || total
-------------------------+-------+-------+-------++-------
Melee: Hand axe          |    86 |   249 |     3 ||   338
       Dagger            |     4 |     5 |       ||     9
       Bite              |    10 |    23 |       ||    33
 Fire: Hunting sling     |       |    33 |       ||    33
Throw: Dart              |       |     2 |       ||     2
  Use: Scroll            |       |     2 |       ||     2
       Potion            |       |       |     1 ||     1
 Stab: Sleeping          |     1 |     2 |       ||     3
Armor: Ring mail         |    45 |   100 |       ||   145
Dodge: Dodged            |    56 |   109 |    13 ||   178
Block: Kite shield       |       |    85 |     3 ||    88
